 Dungeon Crawl Stone Soup version 0.29-a0-824-gd827844252 (webtiles) character file.

Game seed: 4006177188378290587

253 billz999 the Covert (level 5, -7/35 HPs)
             Began as a Vampire Enchanter on July 10, 2022.
             Mangled by an orc
             ... wielding a +0 flail
              (9 damage)
             ... on level 3 of the Dungeon on July 11, 2022.
             The game lasted 00:08:54 (2846 turns).

billz999 the Covert (Vampire Enchanter)             Turns: 2846, Time: 00:08:54

Health: -7/35      AC:  2    Str:  7    XL:     5   Next: 90%
Magic:  4/9        EV: 12    Int: 19    God:
Gold:   139        SH:  0    Dex: 15    Spells: 5/10 levels left

rFire   . . .      SeeInvis +   a - +1 dagger
rCold   . . .      Faith    .   (no shield)
rNeg    . . .      Spirit   .   b - +0 robe
rPois   .          Reflect  .   (no helmet)
rElec   .          Harm     .   (no cloak)
rCorr   .          Rampage  .   (no gloves)
Will    .....                   (no boots)
Stlth   ++++......              (no amulet)
HPRegen 0.31/turn               (no ring)
MPRegen 0.11/turn               (no ring)

@: healing quickly
A: alive, fangs 3, see invisible, vampiric 2
a: Exsanguinate


You were on level 3 of the Dungeon.
You visited 1 branch of the dungeon, and saw 3 of its levels.

You collected 139 gold pieces.

Inventory:

Hand Weapons
 a - a +1 dagger (weapon)
Armour
 b - a +0 robe (worn)
Scrolls
 d - 4 scrolls of identify {unknown}
 e - a scroll of blinking {unknown}
 f - a scroll of poison {unknown}
 h - a scroll of fog {unknown}
 i - a scroll of enchant armour {unknown}
 k - a scroll of amnesia {unknown}
 l - 2 scrolls of teleportation {unknown}
 m - a scroll of enchant weapon {unknown}
Potions
 c - 2 potions of invisibility
 g - a potion of degeneration {unknown}
 j - 2 potions of curing {unknown}
 n - a potion of haste {unknown}


   Skills:
 - Level 1.1 Short Blades
 - Level 2.2 Dodging
 * Level 8.4 Stealth
 + Level 3.1 Spellcasting
 + Level 5.8 Hexes


You had 5 spell levels left.
You knew the following spells:

 Your Spells              Type           Power      Damage    Failure   Level
a - Ensorcelled Hibernat  Hex/Ice        28%        N/A       7%          2
b - Confusing Touch       Hex            25%        N/A       4%          3

Your spell library contained the following spells:

 Spells                   Type           Power      Damage    Failure   Level
 Tukima's Dance           Hex            25%        N/A       4%          3
 Dazzling Flash           Conj/Hex       28%        N/A       14%         3
 Poisonous Vapours        Pois/Air       4%         N/A       22%         2
 Corpse Rot               Necr/Pois/Air  2%         N/A       83%         4


Dungeon Overview and Level Annotations

Branches:
Dungeon (3/15)

Altars:
Ashenzari


Innate Abilities, Weirdness & Mutations

Your natural rate of healing is accelerated.
You have razor-sharp teeth.
You have supernaturally acute eyesight. (SInv)
You are afflicted with vampirism and can become a bat while bloodless.


Message History

You start resting.
An orc is nearby!
Casting: Ensorcelled Hibernation (safe; 7% risk of failure)
Confirm with . or Enter, or press ? or * to list all spells.
Aiming: Ensorcelled Hibernation (safe; 7% risk of failure)
Press: ? - help, Shift-Dir - straight line, f - orc
Aim: an orc, wielding a +0 flail (chance to affect: 65%)
The orc resists with significant effort.
The orc misses you.
You hit the orc.
The orc is heavily wounded.
The orc hits you with a +0 flail!
The orc priest calls down the wrath of Beogh upon you.
Beogh smites you!
Casting: Ensorcelled Hibernation (safe; 7% risk of failure)
Confirm with . or Enter, or press ? or * to list all spells.
Aiming: Ensorcelled Hibernation (safe; 7% risk of failure)
Press: ? - help, Shift-Dir - straight line, f/p - orc
Aim: an orc, wielding a +0 flail (heavily wounded, chance to affect: 65%)
The orc looks drowsy...
The orc priest calls upon Beogh to heal the orc.
The orc shouts!
The orc's wounds heal themselves!
You open the door. The orc barely misses you.
The orc priest invokes the aid of Beogh against you.
Pain shoots through your body!
* * * LOW HITPOINT WARNING * * *
An orc wizard comes into view.
It is wielding a +0 dagger and wearing a +0 robe of willpower.
There is an open door here.
The orc attacks as you move away! The orc hits you with a +0 flail.
* * * LOW HITPOINT WARNING * * *
The orc wizard gestures at you while chanting.
You resist with some effort.
A quokka comes into view.
The orc wizard hits you with a +0 dagger.
* * * LOW HITPOINT WARNING * * *
The orc wizard attacks as you move away!
The orc wizard hits you but does no damage.
The orc attacks as you move away! The orc hits you with a +0 flail!
You die...

#...............
#.....................
.##....................#
.......!...............#
#....$...............#
#.....o..............#
#.(...##'##..........#
#...oo#...#...†......#
#....@#...............
#.....).#.#####.......
#.....###.†...........
#.....# #####.........
####### ##..........
##........... ##
##............
...##.............
...#..............


You could see an orc priest, an orc wizard and an orc.

Vanquished Creatures
  Terence (D:2)
  Natasha (thrice) (D:2)
  Robin (D:1)
  2 adders (D:3)
  6 gnolls
  A worm (D:2)
  A dart slug (D:3)
  An orc (D:3)
  4 ball pythons
  4 bats
  2 endoplasms
  2 giant cockroaches (D:1)
  7 goblins
  6 hobgoblins
  4 jackals (D:3)
  5 quokkas
  3 frilled lizards
  3 kobolds
  8 rats
64 creatures vanquished.

Notes
Turn   | Place    | Note
-------+----------+-------------------------------------------
     0 | D:1      | billz999 the Vampire Enchanter began the quest for the Orb.
     0 | D:1      | Reached XP level 1. HP: 13/13 MP: 3/3
   233 | D:1      | Reached skill level 5 in Stealth
   296 | D:1      | Reached XP level 2. HP: 19/19 MP: 5/5
   455 | D:1      | Found a faded altar of an unknown god.
   459 | D:1      | Learned a level 2 spell: Ensorcelled Hibernation
  1102 | D:2      | Reached skill level 6 in Stealth
  1152 | D:2      | Noticed Terence
  1156 | D:2      | Killed Terence
  1157 | D:2      | Gained mutation: You are afflicted with vampirism and can
                  | become a bat while bloodless. [Vampire growth]
  1157 | D:2      | Reached XP level 3. HP: 24/24 MP: 3/6
  1257 | D:2      | Reached XP level 4. HP: 30/30 MP: 0/7
  1275 | D:2      | Reached skill level 5 in Hexes
  1400 | D:2      | Reached skill level 7 in Stealth
  1409 | D:2      | Noticed Natasha
  1423 | D:2      | Killed Natasha
  1732 | D:2      | Noticed Robin
  1798 | D:2      | Noticed Natasha
  1823 | D:1      | Killed Robin
  1824 | D:1      | Reached XP level 5. HP: 23/35 MP: 1/9
  1901 | D:1      | Learned a level 3 spell: Confusing Touch
  1904 | D:2      | Killed Natasha
  1945 | D:2      | Noticed Natasha
  1952 | D:2      | Killed Natasha
  2513 | D:3      | Reached skill level 8 in Stealth
  2629 | D:3      | Found a broken altar of Ashenzari.
  2843 | D:3      | HP: 1/35 [orc wizard/+0 dagger (3)]
  2846 | D:3      | Mangled by an orc

Illustrated notes

Levels and vault maps discovered:
D:1:      erik_arrival_cave_to_civilisation [erik_arrival_cave_to_hall],
          layout_basic, shapermc_ecumenical_altar_acropolis
D:2:      layout_basic, item_on_display_a, uniq_natasha, uniq_robin,
          uniq_terence
D:3:      layout_basic, mainiacjoe_overflow_alcove_4

Skill      XL: |  1  2  3  4  5 |
---------------+----------------+-----
Stealth        | 5 6 7 8 |  8.4
Hexes          | 5 |  5.8
Spellcasting   | 3 |  3.1
Short Blades   | |  1.1
Dodging        | |  2.2

Action                   |  1- 3 |  4- 6 || total
-------------------------+-------+-------++-------
Melee: Dagger            |    64 |   102 ||   166
       Bite              |     3 |     6 ||     9
       Punch             |     1 |       ||     1
 Cast: Ensorcelled Hiber |     8 |    37 ||    45
       Confusing Touch   |       |     2 ||     2
 Abil: Exsanguinate      |     1 |       ||     1
 Stab: Sleeping          |    11 |    26 ||    37
       Confused          |       |     1 ||     1
Armor: Robe              |    14 |    21 ||    35
Dodge: Dodged            |    59 |    80 ||   139

Table legend: (Time is in decaauts)
 A = Elapsed time spent in this place.
 B = Non-inter-level travel time spent in this place.
 C = Inter-level travel time spent in this place.
 D = Time resting spent in this place.
 E = Time spent auto-exploring this place.
 F = Levels seen in this place.
 G = Mean time per level.
                   A        B        C        D        E       F      G
               +--------+--------+--------+--------+--------+-----+--------+
         Total |   2842 |   2806 |     36 |    166 |   2012 |   3 |  947.3 |
       Dungeon |   2842 |   2806 |     36 |    166 |   2012 |   3 |  947.3 |
               +--------+--------+--------+--------+--------+-----+--------+

Top non-repeatable levels by time:
     D:2: 1166 daAuts
     D:1: 1154 daAuts
     D:3: 521 daAuts
